 Dungeon Crawl Stone Soup version 0.23-a0-643-g9ccc95a (webtiles) character file.

240 Borgoz the Ruffian (level 6, -2/52 HPs)
             Began as a Ghoul Gladiator on Jan 1, 2019.
             Slain by a hound zombie (4 damage)
             ... in an ossuary.
             The game lasted 00:05:01 (2439 turns).

Borgoz the Ruffian (Ghoul Gladiator)                Turns: 2439, Time: 00:05:02

Health: -2/52      AC:  4    Str: 18    XL:     6   Next: 8%
Magic:  5/5        EV: 13    Int:  3    God:
Gold:   173        SH:  0    Dex: 12    Spells: 5/5 levels left

rFire    . . .     SeeInvis .     - Unarmed
rCold    + . .     Gourm    .   (no shield)
rNeg     + + +     Faith    .   a - +0 leather armour
rPois    ∞         Spirit   .   b - +0 helmet
rElec    .         Reflect  .   (no cloak)
rCorr    .         Harm     .   (no gloves)
MR       .....                  (no boots)
Stlth    +.........             (no amulet)
HPRegen  0.00/turn              (no ring)
MPRegen  0.09/turn              (no ring)

@: rotting
A: rotting body, claws 1, carnivore, cold resistance 1, negative energy
resistance 3, inhibited regeneration, torment resistance, unbreathing
a: no special abilities


You were in an ossuary.
You were not hungry.

You visited 1 branch of the dungeon, and saw 4 of its levels.
You also visited: Ossuary.

You collected 173 gold pieces.

Inventory:

Missiles
 c - 3 throwing nets (quivered)
Armour
 a - a +0 leather armour (worn)
 b - a +0 helmet (worn)
 s - a +0 helmet
Jewellery
 j - an uncursed ring of fire {unknown}
Wands
 r - a wand of flame (21)
Scrolls
 e - 6 scrolls of teleportation
 g - 2 scrolls of remove curse
 m - a scroll of fear
 n - a scroll of immolation {unknown}
 o - a scroll of magic mapping {unknown}
 q - a scroll of fog
Potions
 l - 3 potions of degeneration
Comestibles
 d - 5 rations
 p - 2 chunks of flesh


   Skills:
 + Level 3.9 Fighting
 - Level 1.7 Throwing
 + Level 2.4 Armour
 + Level 3.7 Dodging
 + Level 4.5 Unarmed Combat


You had 5 spell levels left.
You didn't know any spells.
Your spell library was empty.

Dungeon Overview and Level Annotations

Branches:
Dungeon (4/15)
 Temple: D:4-7

Altars:
Ashenzari
The Shining One


Innate Abilities, Weirdness & Mutations

Your body is rotting away.
You thrive on raw meat.
You are immune to poison.
You have sharp fingernails.
You are carnivorous and can eat meat at any time.
Your flesh is cold resistant. (rC+)
You are immune to negative energy. (rN+++)
You do not regenerate when monsters are visible.
You are immune to unholy pain and torment.
You can survive without breathing.


Message History

The elf zombie hits you but does no damage.
The hound zombie barely misses you.
You claw the goblin zombie!
The goblin zombie is severely damaged.
The hound zombie misses you.
The jackal zombie bites you but does no damage. x3
The hound zombie closely misses you. The kobold zombie hits you.
* * * LOW HITPOINT WARNING * * *
The elf zombie hits you but does no damage.
You claw the goblin zombie!
You destroy the goblin zombie!
The hound zombie closely misses you.
The jackal zombie bites you but does no damage. x3
The hound zombie bites you.
* * * LOW HITPOINT WARNING * * *
The hound zombie closely misses you. The jackal zombie bites you.
* * * LOW HITPOINT WARNING * * *
The jackal zombie barely misses you. The hound zombie bites you.
You die...

................
................
...............#
...............#
................
.......Z........
.......ZZ.......
......ZZ@.......
.......ZZ.......
.......Z........
................
................
...............#
...............#
................


You could see 3 jackal zombies, 2 hound zombies, a kobold zombie, a big kobold
zombie and an elf zombie.

Vanquished Creatures
  Jessica (D:2)
  Natasha (thrice) (D:2)
  A hound zombie (Ossuary)
  A hound skeleton (D:4)
  3 adders
  A worm (D:2)
  4 dart slugs
  5 leopard geckos
  3 orcs (D:3)
  2 giant cockroaches (D:1)
  7 goblins
  6 hobgoblins
  8 jackals
  A quokka (D:3)
  A ball python (D:2)
  4 bats
  4 frilled lizards
  2 goblin zombies (Ossuary)
  A jackal zombie (Ossuary)
  7 kobolds
  8 rats
73 creatures vanquished.

Notes
Turn   | Place    | Note
-------+----------+-------------------------------------------
     0 | D:1      | Borgoz the Ghoul Gladiator began the quest for the Orb.
     0 | D:1      | Reached XP level 1. HP: 17/17 MP: 0/0
    89 | D:1      | Reached XP level 2. HP: 25/25 MP: 1/1
   168 | D:1      | Found a shattered altar of Ashenzari.
   173 | D:1      | Reached skill level 1 in Armour
   232 | D:1      | Reached XP level 3. HP: 30/30 MP: 2/2
   911 | D:2      | Noticed Jessica
   921 | D:2      | Killed Jessica
   921 | D:2      | Reached XP level 4. HP: 34/37 MP: 3/3
  1170 | D:2      | Reached skill level 4 in Unarmed Combat
  1350 | D:2      | Noticed Natasha
  1370 | D:2      | Killed Natasha
  1370 | D:2      | Reached XP level 5. HP: 5/45 MP: 4/4
  1698 | D:2      | Found a glowing golden altar of the Shining One.
  2211 | D:2      | Noticed Natasha
  2216 | D:2      | Killed Natasha
  2349 | D:2      | Noticed Natasha
  2354 | D:2      | Killed Natasha
  2383 | D:4      | Reached XP level 6. HP: 49/52 MP: 5/5
  2399 | D:4      | Found a sand-covered staircase.
  2404 | Ossuary  | Entered an ossuary
  2432 | Ossuary  | HP: 2/52 [jackal zombie (2)]
  2439 | Ossuary  | HP: 2/52 [jackal zombie (1)]
  2439 | Ossuary  | Slain by a hound zombie

Vault maps used:
D:1:      dpeg_arrival_another_circle, minmay_misc_feat_tower,
          minmay_hexomino_r4
D:2:      tso_oasis_becter, kennysheep_crisscross, uniq_natasha, uniq_jessica
D:3:      serial_forest, infiniplex_forest_straight_1,
          infiniplex_forest_lined_ring, infiniplex_forest_lined_3,
          infiniplex_forest_corner_2, infiniplex_forest_lined_4_way,
          infiniplex_forest_lined_3, infiniplex_forest_clump_double,
          infiniplex_forest_end_3, infiniplex_forest_straight_2
D:4:      nicolae_ossuary_entry_false_entrances, first_ration,
          ebering_ghost_disaster_area, minmay_bisected
Ossuary:  ossuary_minmay_tomb_2a

Skill      XL: |  1  2  3  4  5 |
---------------+----------------+-----
Armour         | 1 2 |  2.4
Dodging        | 3 |  3.7
Fighting       | 3 |  3.9
Unarmed Combat | 4 |  4.5
Throwing       | |  1.7

Action                   |  1- 3 |  4- 6 || total
-------------------------+-------+-------++-------
Melee: Unarmed           |    85 |   178 ||   263
       Punch             |     1 |     5 ||     6
  Use: Scroll            |       |     5 ||     5
       Potion            |       |     4 ||     4
 Stab: Sleeping          |     1 |       ||     1
  Eat: Chunk             |     4 |    16 ||    20
Armor: Leather armour    |    24 |    77 ||   101
Dodge: Dodged            |    42 |   195 ||   237

Table legend:
 A = Non-vault XP
 B = Vault XP
 C = Vault XP percentage of total XP
 D = Non-vault monster count
 E = Vault monster count
 F = Vault count percentage of total count
                 A         B        C        D         E       F
            +---------+---------+-------+---------+---------+-------
      Total |     238 |     106 |  30.8 |      62 |      11 |  15.1
            +---------+---------+-------+---------+---------+-------
        D:1 |      43 |       9 |  17.3 |      24 |       5 |  17.2
        D:2 |     119 |      73 |  38.0 |      13 |       2 |  13.3
        D:3 |      57 |       0 |   0.0 |      23 |       0 |   0.0
        D:4 |      19 |       0 |   0.0 |       2 |       0 |   0.0
    Ossuary |       0 |      24 | 100.0 |       0 |       4 | 100.0
            +---------+---------+-------+---------+---------+-------
